 Dungeon Crawl Stone Soup version 0.27-a0-1139-g28e009f8a6 (webtiles) character file.

Game seed: 14221501810932058191

38 leviel the Skirmisher (level 3, -1/29 HPs)
             Began as a Demonspawn Abyssal Knight on May 7, 2021.
             Was a Follower of Lugonu.
             Slain by an orc priest
             ... wielding a +0 club
              (6 damage)
             ... on level 2 of the Dungeon.
             The game lasted 00:01:55 (1289 turns).

leviel the Skirmisher (Demonspawn Abyssal Knight)   Turns: 1289, Time: 00:01:56

Health: -1/29      AC:  4    Str: 13    XL:     3   Next: 25%
Magic:  4/4        EV: 11    Int: 13    God:    Lugonu [*.....]
Gold:   93         SH:  0    Dex: 12    Spells: 2/2 levels left

rFire    . . .     SeeInvis .   e - +0 war axe
rCold    . . .     Faith    +   (no shield)
rNeg     . . .     Spirit   .   b - +0 leather armour
rPois    .         Reflect  .   (no helmet)
rElec    .         Harm     .   (no cloak)
rCorr    .         Rampage  .   (no gloves)
Will     .....                  (no boots)
Stlth    +.........             g - amulet of faith
HPRegen  0.09/turn              (no ring)
MPRegen  0.09/turn              (no ring)

@: no status effects
A: powered by pain 1, sharp scales 1
a: Renounce Religion, Depart the Abyss


You were on level 2 of the Dungeon.
You worshipped Lugonu.
Lugonu was aware of your devotion.
You visited 1 branch of the dungeon, and saw 2 of its levels.
You visited the Abyss 1 time.

You collected 93 gold pieces.

Inventory:

Hand Weapons
 a - a +1 hand axe
 e - a +0 war axe (weapon)
Armour
 b - a +0 leather armour (worn)
Jewellery
 g - an amulet of faith (around neck)
Wands
 j - a wand of polymorph (9)
Scrolls
 c - 2 scrolls of identify {unknown}
 d - 5 scrolls of teleportation {unknown}
 h - a scroll of amnesia {unknown}
 i - a scroll of magic mapping {unknown}
Potions
 f - 2 potions of lignification {unknown}


   Skills:
 + Level 3.5 Fighting
 + Level 2.6 Axes
 + Level 1.9 Armour
 + Level 1.0 Dodging
 + Level 0.1 Stealth
 + Level 2.5 Invocations


You had 2 spell levels left.
You didn't know any spells.
Your spell library contained the following spells:

 Spells                   Type           Power      Damage    Failure   Level
 Magic Dart               Conj           0%         1d3       36%         1
 Blink                    Tloc           N/A        N/A       52%         2
 Call Imp                 Summ           0%         N/A       52%         2
 Slow                     Hex            0%         N/A       52%         2
 Conjure Flame            Conj/Fire      0%         6-21      75%         3
 Mephitic Cloud           Conj/Pois/Air  0%         N/A       75%         3


Dungeon Overview and Level Annotations

Branches:
Dungeon (2/15)

Altars:


Innate Abilities, Weirdness & Mutations

You sometimes gain a little power by taking damage.
You are partially covered in razor-sharp scales. (AC +1, Slay +1)


Message History

No target in view!
No target in view!
An orc priest comes into view. It is wielding a +0 club.
The orc priest looks satisfied for a moment.
An orc priest is nearby!
An orc priest is nearby!
An orc comes into view. It is wielding a +0 club.
The orc shouts!
An orc priest comes into view. It is wielding a +0 club.
An orc comes into view. It is wielding a +0 flail.
Found 18 stones.
The orc priest shouts!
The orc priest calls down the wrath of Beogh upon you.
Beogh smites you!
You see here a fizzy brown potion.
The orc priest mumbles some strange prayers to Beogh against you.
Beogh smites you!
* * * LOW HITPOINT WARNING * * *
Found a fizzy silvery potion.
You are too injured to fight recklessly!
You are too injured to fight recklessly!
You are too injured to fight recklessly!
You are too injured to fight recklessly!
You are too injured to fight recklessly!
You are too injured to fight recklessly!
You are too injured to fight recklessly!
You are too injured to fight recklessly!
You are too injured to fight recklessly!
You are too injured to fight recklessly!
You are too injured to fight recklessly!
You are too injured to fight recklessly!
You are too injured to fight recklessly!
You are too injured to fight recklessly!
Unknown command.
You are too injured to fight recklessly!
You slash the orc priest!
The orc priest is severely wounded.
You closely miss the orc. The orc hits you but does no damage. x2
The orc priest hits you with a +0 club.
You die...

##...#... ##........
#......... ........!
..o....(.
#..####o....... ##
#.......o..# ###<<
##@o# #.##... ##!..#
#.##..########..#.#
#.##..#.....#.....##
#..................##
#.##................#
#.#.......>.........#
....................#
....#...............#


You could see 2 orc priests and 2 orcs.

Vanquished Creatures
  A dart slug (D:1)
  5 endoplasms (D:1)
  2 giant cockroaches (D:2)
  2 goblins
  2 hobgoblins (D:1)
  5 kobolds (D:1)
  5 quokkas
  5 ball pythons
  A bat (D:2)
  A frilled lizard (D:1)
  2 rats (D:1)
31 creatures vanquished.

Vanquished Creatures (others)
  A fungus (D:1)
  A plant (D:1)
2 creatures vanquished.

Grand Total: 33 creatures vanquished

Notes
Turn   | Place    | Note
-------+----------+-------------------------------------------
     0 | Abyss:1  | leviel the Demonspawn Abyssal Knight began the quest for
                  | the Orb.
     0 | Abyss:1  | Reached XP level 1. HP: 18/18 MP: 2/2
    11 | Abyss:1  | Found a radiant altar of Vehumet.
    12 | D:1      | Escaped the Abyss
   156 | D:1      | Reached * piety under Lugonu
   157 | D:1      | Gained mutation: You sometimes gain a little power by
                  | taking damage. [demonic ancestry]
   157 | D:1      | Reached XP level 2. HP: 23/24 MP: 3/3
   831 | D:1      | Found a faded altar of an unknown god.
   846 | D:1      | Gained mutation: You are partially covered in razor-sharp
                  | scales. (AC +1, Slay +1) [demonic ancestry]
   846 | D:1      | Reached XP level 3. HP: 28/29 MP: 4/4
   939 | D:1      | Reached skill level 1 in Dodging
  1289 | D:2      | Slain by an orc priest

Illustrated notes

Levels and vault maps discovered:
D:1:      dpeg_arrival_arbitrary_b, layout_loops_corners,
          shapermc_ecumenical_altar_mp_urbaneastern
D:2:      kennysheep_the_goblin_king, layout_rooms, serial_shops,
          nicolae_shop_waterfront

Skill      XL: |  1  2  3 |
---------------+----------+-----
Axes           | 2 |  2.6
Dodging        | 1 |  1.0
Fighting       | |  3.5
Armour         | |  1.9
Stealth        | |  0.1
Invocations    | |  2.5

Action                   || total
-------------------------++-------
Melee: Hand axe          ||    18
       War axe           ||    48
Invok: Depart the Abyss  ||     1
Armor: Leather armour    ||    24
Dodge: Dodged            ||    30

Table legend: (Time is in decaauts)
 A = Elapsed time spent in this place.
 B = Non-inter-level travel time spent in this place.
 C = Inter-level travel time spent in this place.
 D = Time resting spent in this place.
 E = Time spent auto-exploring this place.
 F = Levels seen in this place.
 G = Mean time per level.
                   A        B        C        D        E       F      G
               +--------+--------+--------+--------+--------+-----+--------+
         Total |   1309 |   1302 |      7 |      0 |   1111 |   3 |  436.3 |
       Dungeon |   1297 |   1290 |      7 |      0 |   1099 |   2 |  648.5 |
         Abyss |     12 |     12 |      0 |      0 |     12 |   1 |   12.0 |
               +--------+--------+--------+--------+--------+-----+--------+

Top non-repeatable levels by time:
     D:1: 1141 daAuts
     D:2: 155 daAuts
 Abyss:1: 12 daAuts
